Map: Pillars of Gold LE

Players

Scarlett

  • Race: Zerg Zerg
  • Spawn Location: 1:00

uThermal - Winner!

  • Race: Terran Terran
  • Spawn Location: 7:00

Event: IEM Katowice 2021

VOD

Have the link to the VOD?

Description

Time

  • Played on: Feb. 20, 2021, 11:16 a.m.
  • Length: 10:33
Show
View Real Time Build Order
Export as new Build Order

Scarlett Zerg 

Build Orders: Hatch First, Muta Ling Bane 

Get SALT Encoding   

  12  0:00  Drone  
  13  0:12  Overlord  
  13  0:17  Drone  
  14  0:30  Drone x2  
  16  0:49  Hatchery  
  15  0:52  Drone  
  15  0:56  Drone  
  17  1:00  Drone  
  18  1:11  Extractor  
  17  1:15  Spawning Pool  
  17  1:18  Drone  
  17  1:22  Drone  
  18  1:28  Drone  
  19  1:39  Drone  
  20  1:52  Drone  
  21  2:01  Queen x2  
  21  2:02  Zergling x4  
  27  2:20  Hatchery  
  26  2:23  Overlord  
  26  2:27  Drone  
  27  2:30  Drone  
  27  2:35  Metabolic Boost  
  28  2:42  Drone x3  
  30  2:51  Overlord  
  30  2:52  Drone  
  30  2:56  Spore Crawler  
  32  3:05  Drone x4  
  32  3:10  Drone  
  32  3:11  Drone x2  
  38  3:15  Queen  
  40  3:21  Overlord  
  40  3:29  Queen  
  40  3:30  Drone  
  40  3:32  Drone x2  
  45  3:41  Overlord  
  45  3:42  Drone x3  
  45  3:47  Drone x3  
  51  3:50  Zergling x2  
  51  3:54  Overlord  
  52  3:57  Queen  
  52  4:00  Drone x2  
  56  4:07  Drone x4  
  60  4:15  Drone  
  60  4:16  Drone x3  
  64  4:19  Overlord, Drone x3  
  64  4:20  Drone  
  68  4:26  Overlord  
  68  4:31  Overlord, Queen  
  68  4:35  Baneling Nest, Queen  
  68  4:37  Overlord  
  71  4:41  Overlord  
  71  4:44  Zergling x4  
  73  4:49  Zergling x4  
  73  4:51  Drone x5  
  80  4:55  Extractor  
  80  4:59  Lair  
  79  5:00  Drone x4  
  79  5:04  Extractor, Drone x2  
  79  5:06  Extractor, Spore Crawler x2  
  81  5:13  Queen  
  83  5:16  Zergling x12  
  89  5:22  Extractor  
  89  5:24  Evolution Chamber, Drone x3  
  89  5:26  Evolution Chamber, Baneling x5  
  89  5:30  Extractor, Drone x3  
  89  5:35  Drone x2  
  93  5:41  Drone  
  94  5:45  Drone x2  
  94  5:46  Drone x5  
  101  5:54  Zerg Melee Weapons Level 1, Zerg Ground Armor Level 1  
  100  5:58  Hatchery  
  100  6:00  Overseer  
  100  6:02  Zergling x12  
  99  6:11  Pneumatized Carapace, Spire  
  99  6:14  Drone  
  99  6:15  Drone x3  
  101  6:22  Drone, Spore Crawler  
  101  6:23  Centrifical Hooks  
  101  6:28  Overlord, Drone x2  
  101  6:29  Overlord  
  103  6:40  Overlord x3  
  103  6:45  Zergling x8  
  107  6:55  Drone x7  
  114  7:10  Drone x8  
  118  7:19  Zergling x2  
  118  7:20  Zergling x8  
  118  7:22  Baneling x8  
  123  7:23  Zergling x4  
  123  7:27  Mutalisk x4  
  133  7:32  Mutalisk x2  
  133  7:34  Mutalisk  
  133  7:37  Mutalisk  
  139  7:43  Zergling x6  
  140  7:44  Baneling x12  
  140  7:47  Overlord x2  
  140  7:57  Zergling x16  
  140  7:58  Baneling x2  
  136  8:09  Mutalisk x3  
  136  8:11  Zergling x14  
  144  8:24  Zergling x16  
  144  8:27  Hatchery  
  151  8:28  Extractor  
  151  8:33  Hatchery  
  133  8:38  Zergling x2  
  133  8:39  Zergling x6  
  126  8:43  Baneling x6  
  126  8:45  Zergling x2, Baneling x11  
  126  8:46  Zergling x22  
  129  8:55  Zergling x2  
  129  8:56  Zergling x2  
  127  9:11  Mutalisk x5  
  137  9:19  Zergling x10  
  125  9:30  Zergling x2  
  125  9:31  Zergling x4  
  114  9:38  Zergling x2  
  114  9:39  Zergling x8  
  114  9:41  Zergling x4  
  114  9:43  Baneling x5  
  114  9:44  Baneling x4  
  121  9:46  Zergling x12  
  121  9:50  Zergling x2, Baneling  
  128  9:59  Zergling x8  
  127  10:00  Baneling x2  
  127  10:01  Baneling x2  
  127  10:02  Baneling x7  
  127  10:10  Zergling x12  
Show
View Real Time Build Order
Export as new Build Order

uThermal Terran - Winner!

Build Orders: Reaper Expand, Hellion Banshee 

Get SALT Encoding   

  12  0:00  SCV  
  13  0:12  SCV  
  14  0:17  Supply Depot  
  14  0:24  SCV  
  15  0:39  SCV  
  15  0:40  Barracks  
  16  0:45  Refinery  
  16  0:51  SCV  
  17  1:03  SCV  
  18  1:15  SCV  
  19  1:27  Reaper, Orbital Command  
  20  1:43  Command Center  
  20  1:51  Supply Depot  
  21  1:54  SCV  
  21  1:59  Marine  
  22  2:06  SCV  
  23  2:11  Factory  
  23  2:18  SCV  
  23  2:21  Barracks Reactor  
  24  2:30  SCV  
  25  2:42  SCV  
  26  2:49  Command Center  
  26  2:57  Orbital Command  
  26  2:58  SCV  
  26  3:06  Starport  
  26  3:10  SCV  
  27  3:12  Refinery  
  27  3:18  Hellion  
  29  3:22  SCV x2  
  29  3:26  Hellion  
  33  3:29  Barracks Tech Lab  
  34  3:34  SCV  
  34  3:35  SCV  
  34  3:39  Hellion  
  37  3:46  SCV  
  37  3:47  SCV  
  37  3:48  Hellion  
  41  3:52  Banshee  
  41  3:53  Marine  
  45  3:58  SCV  
  45  4:01  SCV  
  45  4:02  Orbital Command  
  47  4:05  Hellion  
  49  4:10  Hellion  
  49  4:12  SCV  
  49  4:13  SCV  
  53  4:18  Cloaking Field  
  53  4:19  Supply Depot  
  53  4:24  SCV  
  53  4:27  Barracks Tech Lab  
  53  4:28  SCV  
  56  4:35  Banshee  
  56  4:36  SCV  
  56  4:38  Factory Reactor  
  59  4:40  Barracks  
  59  4:43  Barracks  
  59  4:44  Supply Depot  
  59  4:45  SCV  
  60  4:47  SCV  
  60  4:51  Stimpack  
  60  4:52  Marine  
  62  4:54  SCV  
  62  4:57  SCV  
  65  5:02  Engineering Bay  
  65  5:04  Engineering Bay  
  65  5:06  Refinery x2  
  64  5:07  SCV  
  64  5:09  SCV  
  64  5:10  Marine, Orbital Command  
  67  5:15  Supply Depot  
  67  5:19  SCV  
  68  5:21  SCV  
  68  5:25  Barracks  
  68  5:27  Barracks  
  68  5:28  Marine x2  
  70  5:31  SCV  
  70  5:32  Terran Infantry Armor Level 1, Terran Infantry Weapons Level 1  
  70  5:33  SCV  
  70  5:34  Marine  
  74  5:38  SCV  
  74  5:39  Marine, Supply Depot  
  74  5:42  Marine  
  77  5:45  SCV  
  77  5:46  SCV  
  77  5:49  Starport Reactor  
  79  5:51  SCV, Supply Depot  
  79  5:56  Siege Tank  
  83  6:00  SCV  
  83  6:02  SCV  
  83  6:03  SCV  
  83  6:04  Marine  
  87  6:06  Marine  
  87  6:07  Supply Depot  
  87  6:09  Marine  
  87  6:10  Marine x2  
  91  6:12  SCV  
  91  6:15  SCV  
  91  6:17  SCV, Supply Depot  
  94  6:18  Barracks Reactor x2  
  94  6:21  Marine  
  94  6:23  Marine  
  94  6:25  Supply Depot  
  96  6:26  Medivac  
  96  6:27  Medivac  
  96  6:31  Supply Depot, Marine x2  
  102  6:33  SCV  
  102  6:35  Combat Shield  
  102  6:36  Marine  
  102  6:39  Marine  
  105  6:40  Siege Tank  
  105  6:44  Marine  
  105  6:45  Armory  
  105  6:46  SCV x3  
  112  6:49  Marine  
  112  6:50  Refinery  
  113  6:54  Supply Depot, Marine x2  
  113  6:55  Marine  
  113  6:56  Marine x2  
  113  6:57  Marine x2  
  113  6:58  SCV x2  
  122  7:02  Marine  
  122  7:03  SCV, Supply Depot  
  122  7:07  Marine  
  125  7:08  Medivac  
  125  7:12  Siege Tank  
  125  7:13  Marine  
  125  7:15  Marine  
  132  7:20  Marine  
  133  7:23  Supply Depot, Marine  
  133  7:24  Medivac, Barracks, Supply Depot  
  133  7:25  Barracks  
  133  7:26  Barracks  
  136  7:30  Marine  
  136  7:31  Marine x3  
  136  7:33  Supply Depot  
  136  7:36  Supply Depot, Terran Infantry Weapons Level 2  
  140  7:39  Terran Infantry Armor Level 2  
  140  7:40  Marine  
  141  7:45  Supply Depot  
  141  7:47  Siege Tank  
  144  7:52  Marine x2  
  144  7:57  Medivac  
  148  7:58  Missile Turret  
  148  7:59  Supply Depot  
  148  8:03  Missile Turret  
  148  8:09  Marine x2  
  148  8:10  Marine x2  
  147  8:14  Missile Turret  
  147  8:15  Marine x2, Terran Vehicle Weapons Level 1  
  147  8:17  Marine  
  147  8:18  Marine x2  
  147  8:19  Siege Tank  
  155  8:22  Marine  
  155  8:23  Marine x2  
  158  8:27  Marine  
  149  8:38  Medivac, Marine x4  
  139  8:44  Marine  
  139  8:45  Marine x2  
  139  8:49  Medivac, Marine  
  139  8:50  Marine  
  139  8:52  Siege Tank  
  139  8:53  Command Center  
  143  9:06  Marine x8  
  143  9:09  Marine  
  152  9:14  Medivac, Marine  
  152  9:15  Marine  
  152  9:16  Marine  
  157  9:23  Marine  
  149  9:29  Marine x2  
  149  9:30  Medivac, Marine x4  
  149  9:31  Marine x2  
  137  9:32  Marine, Siege Tank  
  137  9:33  Marine  
  137  9:34  Marine  
  143  9:41  Marine  
  143  9:44  Medivac  
  146  9:47  Marine x2  
  146  9:48  Marine x5  
  146  9:49  Missile Turret  
  153  9:58  Marine x2  
  153  9:59  Marine  
  153  10:03  Marine x2  

Tags
 
Add a new tag
Caveats
  • Supply blocks, unpowered buildings, or Contaminate may cause inaccurate times.
  • Supply counts are checked every 10 seconds.